 Dungeon Crawl Stone Soup version 0.27-a0-1324-ge0d8e04 (webtiles) character file.

Game seed: 17658945647909709610

294 Illumine the Cutter (level 6, 0/35 HPs)
             Began as a Kobold Hunter on June 23, 2021.
             Succumbed to a kobold brigand's poison
             ... on level 3 of the Dungeon.
             The game lasted 00:06:34 (3063 turns).

Illumine the Cutter (Kobold Hunter)                 Turns: 3063, Time: 00:06:35

Health: 0/35       AC:  5    Str:  9 (11) XL:     6   Next: 60%
Magic:  6/6        EV: 15    Int: 10 (12) God:
Gold:   64         SH:  0    Dex: 21 (22) Spells: 5/5 levels left

rFire    . . .     SeeInvis .   a - +1 hand crossbow
rCold    . . .     Faith    .   (shield restricted)
rNeg     . . .     Spirit   .   c - +0 leather armour
rPois    .         Reflect  .   (no helmet)
rElec    .         Harm     .   b - +1 cloak
rCorr    .         Rampage  .   (no gloves)
Will     .....                  (no boots)
Stlth    ++++......             (no amulet)
HPRegen  0.11/turn              k - +6 ring of dexterity
MPRegen  0.10/turn              (no ring)

@: lethally poisoned (0 -> -15)
A: small, no large weapons, nightstalker 3
a: no special abilities


You were on level 3 of the Dungeon.
You visited 1 branch of the dungeon, and saw 3 of its levels.

You collected 64 gold pieces.

Inventory:

Hand Weapons
 a - a +1 hand crossbow (weapon)
 e - a +2 hand axe of flaming
 i - a +0 hunting sling
 l - a +2 short sword of draining
 n - a +0 dagger of venom
Missiles
 d - 17 bolts (quivered ammo)
 h - 35 stones
Armour
 b - a +1 cloak (worn)
 c - a +0 leather armour (worn)
Jewellery
 k - a +6 ring of dexterity (left hand)
Wands
 f - a wand of iceblast (3)
Scrolls
 g - a scroll of identify {unknown}
Potions
 m - a potion of berserk rage {unknown}


   Skills:
 - Level 2.1 Fighting
 * Level 6.7 Short Blades
 - Level 5.0 Crossbows
 - Level 2.4 Dodging
 + Level 4.6 Stealth


You had 5 spell levels left.
You didn't know any spells.
Your spell library was empty.

Dungeon Overview and Level Annotations

Branches:
Dungeon (3/15)

Altars:

Annotations:
D:3 Grinder


Innate Abilities, Weirdness & Mutations

You are small and have problems with some larger weapons.
You are completely attuned to the shadows.


Message History

You feel very sick.
You feel very sick.
You feel very sick.
You feel very sick.
You feel sick.
There is an open door here.
You feel sick.
Okay, then.
You feel sick.
a - a +1 hand crossbow (weapon)
You feel sick.
Fire: 20 bolts
Press: ? - help, Q - select action, (/) - cycle Shift-Dir - straight line, f - kobold
Aim: a kobold, wielding a +0 club (64% to hit)
You shoot a bolt. The bolt misses the kobold.
The bolt misses the kobold brigand.
You feel sick.
Fire: 19 bolts
Press: ? - help, Q - select action, (/) - cycle Shift-Dir - straight line, f/p - kobold
Aim: a kobold, wielding a +0 club (64% to hit)
You shoot a bolt. The bolt hits the kobold.
You kill the kobold!
You feel sick.
The kobold brigand throws a poisoned dart.
The poisoned dart hits you!
You are lethally poisoned!
Fire: 18 bolts
Press: ? - help, Q - select action, (/) - cycle Shift-Dir - straight line, f - kobold brigand
Aim: a kobold brigand, wielding a +0 short sword and quivering poisoned darts (64% to hit)
You shoot a bolt. The bolt hits the kobold brigand.
The kobold brigand is lightly wounded.
* * * LOW HITPOINT WARNING * * *
You feel very sick.
The kobold brigand throws a poisoned dart.
The poisoned dart hits you.
You are more poisoned.
It was a potion of degeneration.
There was something very wrong with that liquid.
You feel weakened.
You feel dopey.
You feel clumsy.
You die...

.. #...K# .... #....#
....#########....##
..........(#.)....#.
w........K.(......'.
....?......#K.....#
....#########@...##
.... #....# ....
#....# ####
###''######
≈≈≈....≈≈≈≈≈≈≈
≈≈≈≈.....≈≈≈≈≈≈≈≈ ≈≈
≈≈≈≈≈.....≈≈≈≈≈≈≈≈≈≈≈≈
≈≈.≈≈....≈.≈.≈≈.≈≈≈≈..
......................


You could see a kobold brigand.

Vanquished Creatures
  A jelly (D:3)
  Crazy Yiuf (D:2)
  Ijyb (D:3)
  Natasha (thrice) (D:2)
  4 gnolls
  4 adders
  3 worms (D:2)
  4 endoplasms
  2 giant cockroaches (D:1)
  8 goblins
  5 hobgoblins
  2 jackals (D:1)
  2 quokkas
  6 ball pythons
  4 bats
  2 frilled lizards
  5 kobolds
  2 rats (D:2)
59 creatures vanquished.

Notes
Turn   | Place    | Note
-------+----------+-------------------------------------------
     0 | D:1      | Illumine the Kobold Hunter began the quest for the Orb.
     0 | D:1      | Reached XP level 1. HP: 12/12 MP: 1/1
   177 | D:1      | Reached skill level 1 in Short Blades
   218 | D:1      | Reached skill level 5 in Crossbows
   218 | D:1      | Reached XP level 2. HP: 17/17 MP: 2/2
   425 | D:1      | Reached skill level 2 in Short Blades
   875 | D:1      | Reached XP level 3. HP: 21/21 MP: 3/3
   910 | D:1      | Reached skill level 3 in Short Blades
  1103 | D:2      | Found a runed translucent door.
  1106 | D:2      | Noticed Crazy Yiuf
  1111 | D:2      | Killed Crazy Yiuf
  1112 | D:2      | Reached XP level 4. HP: 26/26 MP: 4/4
  1174 | D:2      | Reached skill level 4 in Short Blades
  1266 | D:2      | Found a faded altar of an unknown god.
  1490 | D:2      | Noticed Natasha
  1501 | D:2      | Killed Natasha
  1502 | D:2      | Reached XP level 5. HP: 30/30 MP: 5/5
  1507 | D:2      | Reached skill level 5 in Short Blades
  1736 | D:2      | Noticed Natasha
  1750 | D:2      | Killed Natasha
  1775 | D:2      | Noticed Natasha
  1780 | D:2      | Killed Natasha
  1781 | D:2      | Reached XP level 6. HP: 32/35 MP: 6/6
  2068 | D:2      | Reached skill level 6 in Short Blades
  2649 | D:3      | Noticed Grinder
  2720 | D:3      | Noticed Ijyb
  2722 | D:3      | Killed Ijyb
  3063 | D:3      | Succumbed to a kobold brigand's poison

Illustrated notes

Levels and vault maps discovered:
D:1:      dpeg_arrival_pits, layout_basic
D:2:      layout_rooms, hellmonk_ecumenical_altar_run_dry,
          hangedman_glass_teeth, uniq_natasha, uniq_crazy_yiuf_cottage
D:3:      minmay_goblin_kobold_castle, layout_loops_ring,
          cheibrodos_sewer_entry_bend, minmay_crystal_water, uniq_grinder,
          uniq_terence, uniq_ijyb

Skill      XL: |  1  2  3  4  5  6 |
---------------+-------------------+-----
Short Blades   | 1 2 3 4 5 6 |  6.7
Crossbows      | 5 |  5.0
Stealth        | 2 3 4 |  4.6
Fighting       | |  2.1
Dodging        | |  2.4

Action                   |  1- 3 |  4- 6 || total
-------------------------+-------+-------++-------
Melee: Short sword       |    60 |    99 ||   159
       Dagger            |       |     5 ||     5
 Fire: Hand crossbow     |     7 |    13 ||    20
  Use: Scroll            |       |     3 ||     3
       Potion            |       |     1 ||     1
 Stab: Sleeping          |     5 |     7 ||    12
Armor: Leather armour    |     8 |    18 ||    26
       Skin              |       |     4 ||     4
Dodge: Dodged            |    36 |    81 ||   117

Table legend: (Time is in decaauts)
 A = Elapsed time spent in this place.
 B = Non-inter-level travel time spent in this place.
 C = Inter-level travel time spent in this place.
 D = Time resting spent in this place.
 E = Time spent auto-exploring this place.
 F = Levels seen in this place.
 G = Mean time per level.
                   A        B        C        D        E       F      G
               +--------+--------+--------+--------+--------+-----+--------+
         Total |   3044 |   2892 |    152 |    689 |   1554 |   3 | 1014.7 |
       Dungeon |   3044 |   2892 |    152 |    689 |   1554 |   3 | 1014.7 |
               +--------+--------+--------+--------+--------+-----+--------+

Top non-repeatable levels by time:
     D:1: 1288 daAuts
     D:2: 1098 daAuts
     D:3: 657 daAuts
